[Event "December 5 Late 2023"]
[Site "https://www.chess.com"]
[Date "2023.12.05"]
[Round "3"]
[White "Schnaider, Ilan"]
[Black "Mazurkiewicz, Michal"]
[Result "1-0"]
[Board "68"]
[TimeControl "180+1"]
[WhiteFideId "169013"]
[BlackFideId "1124943"]
[WhiteElo "2709"]
[BlackElo "2500"]
[WhiteTeam "ARG"]
[BlackTeam "POL"]
[WhiteClock "0:00:04"]
[BlackClock "0:00:03"]

1. e4 d6 2. d4 Nf6 3. Nc3 c6 4. f4 Qb6 5. Nf3 Bg4 6. Be2 e6 7. h3 Bxf3 8. Bxf3 d5 9. O-O dxe4 10. Nxe4 Nxe4 11. Bxe4 Nd7 12. f5 e5 13. Be3 Nf6 14. Bf3 O-O-O 15. c3 Qxb2 16. Qa4 Qxc3 17. Bf2 Qa3 18. Qc4 e4 19. Be2 Nd5 20. Rab1 Qc3 21. Qa4 Qa3 22. Qc2 Qc3 23. Qxe4 Bd6 24. Rfc1 Qa5 25. Rb5 Nc3 26. Rxa5 Nxe4 27. Be3 a6 28. Bf3 Rhe8 29. d5 c5 30. Ra4 Nf6 31. Bxc5 Bxc5+ 32. Rxc5+ Kb8 33. Rb4 Rd7 34. d6 Red8 35. Rc7 Rxc7 36. dxc7+ Kxc7 37. Rxb7+ Kd6 38. Rxf7 Rd7 39. Rf8 Ke5 40. Kf2 Rd2+ 41. Ke3 Rxa2 42. g4 Ra3+ 43. Kf2 Ra2+ 44. Kg3 Ra3 45. Rf7 Ne4+ 46. Kg2 Ra2+ 47. Kg1 Ra1+ 48. Kh2 Ra2+ 49. Bg2 Kf4 50. Re7 Ng5 51. Rd7 Nf3+ 52. Kh1 Ra1+ 53. Bf1 Rxf1+ 54. Kg2 Rg1+ 55. Kf2 Rd1 56. Rxd1 Ne5 57. Rd4+ Kg5 58. Rd5 Nc4 59. Rd7 g6 60. Rxh7 gxf5 61. Rh5+ Kf4 62. Rxf5+ Ke4 63. Rf6 a5 64. g5 Ne5 65. Re6 Kf5 66. Rxe5+ Kxe5 67. Ke2 Kf5 68. h4 Kg6 69. Kd3 Kh5 70. Kc3 a4 71. Kb4 Kxh4 72. g6 a3 73. Kxa3 Kg5 74. g7 1-0

[Event "December 5 Late 2023"]
[Site "https://www.chess.com"]
[Date "2023.12.05"]
[Round "3"]
[White "Lin, Bryan Enming"]
[Black "Wafa, Hamed"]
[Result "0-1"]
[Board "69"]
[TimeControl "180+1"]
[WhiteFideId "30987121"]
[BlackFideId "10628452"]
[WhiteElo "2497"]
[BlackElo "2701"]
[WhiteTeam "USA"]
[BlackTeam "EGY"]
[WhiteClock "0:00:11"]
[BlackClock "0:00:13"]

1. e4 e5 2. Nf3 Nc6 3. Nc3 Nf6 4. a3 Bc5 5. Nxe5 O-O 6. Nxc6 dxc6 7. h3 Qd4 8. Qe2 Re8 9. d3 Nd5 10. Nxd5 cxd5 11. Be3 Qxb2 12. Rd1 Bxe3 13. Qxe3 dxe4 14. Be2 Qc3+ 15. Qd2 Qxa3 16. dxe4 Be6 17. O-O h6 18. f4 a5 19. Bd3 Qc5+ 20. Kh1 f6 21. e5 f5 22. Rb1 b6 23. g4 Rad8 24. Kh2 a4 25. Qg2 Rf8 26. gxf5 Bxf5 27. Rg1 Qe7 28. Qg3 Bxd3 29. cxd3 Rd4 30. Rbf1 Rd5 31. Qg6 Kh8 32. Rf3 a3 33. Rfg3 a2 34. Qh5 Qf7 35. Qf3 Ra5 36. Rxg7 Qxg7 37. Rxg7 a1=Q 38. Rh7+ Kxh7 39. Qe4+ Kh8 40. Qg6 Ra2+ 41. Qg2 Rxg2+ 0-1

[Event "December 5 Late 2023"]
[Site "https://www.chess.com"]
[Date "2023.12.05"]
[Round "3"]
[White "Bold, Andre"]
[Black "Panesar Vedant"]
[Result "0-1"]
[Board "70"]
[TimeControl "180+1"]
[WhiteFideId "16208471"]
[BlackFideId "35033018"]
[WhiteElo "2494"]
[BlackElo "2701"]
[WhiteTeam "GER"]
[BlackTeam "IND"]
[WhiteClock "0:00:02"]
[BlackClock "0:00:16"]

1. Nf3 Nf6 2. e3 g6 3. b3 Bg7 4. Bb2 d6 5. Be2 e5 6. O-O O-O 7. d4 e4 8. Nfd2 d5 9. c4 c6 10. Nc3 h5 11. b4 Be6 12. cxd5 cxd5 13. b5 Nbd7 14. a4 h4 15. Qb3 g5 16. f3 exf3 17. Bxf3 Ne4 18. Bxe4 dxe4 19. d5 Nc5 20. Qa2 Bxd5 21. Nxd5 Bxb2 22. Qxb2 Qxd5 23. Qf6 Nd7 24. Qh6 Rae8 25. Rad1 Re6 26. Qh5 Nf6 27. Qe2 Qd3 28. Qf2 Ng4 29. Qf5 Qxe3+ 30. Kh1 Nh6 31. Qd5 b6 32. Nc4 Qc5 33. Qxc5 bxc5 34. Rd5 f5 35. Rxc5 e3 36. Re1 Ng4 37. h3 Nf2+ 38. Kg1 Nd3 39. Rxe3 Rxe3 40. Rc7 Re1+ 41. Kh2 g4 42. hxg4 fxg4 43. Rxa7 Nf4 44. g3 Re2+ 45. Kg1 Nh3+ 0-1

[Event "December 5 Late 2023"]
[Site "https://www.chess.com"]
[Date "2023.12.05"]
[Round "3"]
[White "Annaberdiyev, Meylis"]
[Black "Minko, Dmitry"]
[Result "1-0"]
[Board "71"]
[TimeControl "180+1"]
[WhiteFideId "14000563"]
[BlackFideId "24188468"]
[WhiteElo "2693"]
[BlackElo "2486"]
[WhiteTeam "TKM"]
[BlackTeam "FID"]
[WhiteClock "0:00:09"]
[BlackClock "0:00:00"]

1. e4 e5 2. Nf3 Nc6 3. Bc4 Nf6 4. Qe2 Bc5 5. c3 O-O 6. d3 h6 7. Bb3 d5 8. Nbd2 Re8 9. h3 a5 10. exd5 Nxd5 11. Ne4 Bb6 12. Bxh6 Nce7 13. Bg5 f6 14. Bxf6 gxf6 15. Nxf6+ Kf7 16. Nxe8 Qxe8 17. Nxe5+ Kg7 18. d4 Bf5 19. O-O c6 20. Rae1 Qf8 21. Qf3 Bc7 22. Qg3+ Bg6 23. f4 Qf6 24. Bxd5 cxd5 25. f5 Nxf5 26. Qxg6+ Qxg6 27. Nxg6 Kxg6 28. Re6+ Kg5 29. g4 Nh4 30. Rf7 Bg3 31. Rd7 Rf8 32. Rxd5+ Kf4 33. Rd7 Nf3+ 34. Kh1 Be1 35. Ree7 Kg3 36. Rf7 Re8 37. Rde7 Rc8 38. Rxf3+ Kxf3 39. Rxe1 Kg3 40. Re3+ Kf2 41. Rd3 Re8 42. Kh2 Re2 43. Rg3 Kf1+ 44. Kh1 Re4 45. Rg1+ Kf2 46. g5 Rh4 47. Kh2 a4 48. g6 1-0

[Event "December 5 Late 2023"]
[Site "https://www.chess.com"]
[Date "2023.12.05"]
[Round "3"]
[White "Wu, Derek"]
[Black "Villa Tornero, Alex"]
[Result "1-0"]
[Board "72"]
[TimeControl "180+1"]
[WhiteFideId "30914558"]
[BlackFideId "54501091"]
[WhiteElo "2690"]
[BlackElo "2486"]
[WhiteTeam "USA"]
[BlackTeam "ESP"]
[WhiteClock "0:02:38"]
[BlackClock "0:02:28"]

1. e4 d6 2. d4 b6 3. Nc3 g6 4. Bc4 Bg7 5. Be3 Nf6 6. f3 Nbd7 7. Qd2 Ba6 8. Bxa6 O-O 9. Nge2 c5 10. O-O Nh5 11. Rad1 f5 12. Bc4+ d5 13. Bxd5+ 1-0

[Event "December 5 Late 2023"]
[Site "https://www.chess.com"]
[Date "2023.12.05"]
[Round "3"]
[White "Senft, Sean"]
[Black "Solon, Nathan"]
[Result "1/2-1/2"]
[Board "73"]
[TimeControl "180+1"]
[WhiteFideId "2044960"]
[BlackFideId "2017229"]
[WhiteElo "2485"]
[BlackElo "2689"]
[WhiteTeam "USA"]
[BlackTeam "USA"]
[WhiteClock "0:00:14"]
[BlackClock "0:00:15"]

1. d4 d5 2. c4 c6 3. Nc3 Nf6 4. Nf3 e6 5. cxd5 exd5 6. Bg5 Be7 7. e3 Bf5 8. Bd3 Bxd3 9. Qxd3 Nbd7 10. O-O O-O 11. Rac1 Re8 12. Na4 Ne4 13. Bxe7 Qxe7 14. Nd2 Ndf6 15. Nxe4 Nxe4 16. Nc5 Nd6 17. a4 Qg5 18. g3 Re7 19. a5 a6 20. Qd1 Rae8 21. Qf3 g6 22. Qf4 Qxf4 23. gxf4 f6 24. Rc3 Kf7 25. Rb3 g5 26. fxg5 fxg5 27. Kg2 Kg6 28. Rg1 Rf7 29. Nd3 Nc4 30. Rb4 Kf5 31. Nc5 Ree7 32. Ra1 Kg6 33. Nd3 Rf5 34. b3 Nd2 35. Rb6 Ne4 36. Ra4 Kg7 37. Rab4 Rff7 38. f3 Nd6 39. Ne5 Rf5 40. e4 dxe4 41. fxe4 Rf4 42. d5 Rxe5 43. dxc6 bxc6 44. Rxc6 Nxe4 45. Rb7+ Rf7 46. Rxf7+ Kxf7 47. Rxa6 Rb5 48. Ra7+ Kg6 49. Re7 Nd2 50. a6 Rxb3 51. Re2 Nc4 52. Ra2 Rb8 53. a7 Ra8 54. Ra6+ Kf5 55. Kf3 Ne5+ 56. Ke3 h5 57. Kd4 Nf3+ 58. Kd5 Nxh2 59. Kc6 g4 60. Kb7 Rxa7+ 61. Kxa7 h4 62. Ra5+ Ke4 63. Ra4+ Kd5 64. Kb6 g3 65. Rxh4 Ke5 66. Rh8 Kf4 67. Rf8+ Ke3 68. Rg8 Kf2 69. Rxg3 Kxg3 1/2-1/2

[Event "December 5 Late 2023"]
[Site "https://www.chess.com"]
[Date "2023.12.05"]
[Round "3"]
[White "Ventura Bolet, Maxim"]
[Black "Hambleton, Aman"]
[Result "0-1"]
[Board "74"]
[TimeControl "180+1"]
[WhiteFideId "22238824"]
[BlackFideId "2606577"]
[WhiteElo "2485"]
[BlackElo "2688"]
[WhiteTeam "ESP"]
[BlackTeam "CAN"]
[WhiteClock "0:00:01"]
[BlackClock "0:00:06"]

1. Nf3 d5 2. g3 c6 3. Bg2 Nf6 4. O-O Bf5 5. d3 e6 6. Nbd2 h6 7. c3 Bh7 8. Qe1 Be7 9. e4 a5 10. Qe2 a4 11. Rd1 Qa5 12. Nf1 dxe4 13. dxe4 Bxe4 14. Bf4 Nbd7 15. Ne3 Qa6 16. Qxa6 Rxa6 17. Nc4 O-O 18. Bd6 Bxd6 19. Nxd6 Bxf3 20. Bxf3 Rb8 21. Rd2 Kf8 22. Rad1 Ke7 23. Re1 g6 24. h4 h5 25. Red1 Ne5 26. Bg2 Ra7 27. f4 Ned7 28. Bf3 Nc5 29. Nc4 Nd5 30. Re2 Rd8 31. Ne5 Nxc3 32. Rxd8 Nxe2+ 33. Bxe2 Kxd8 34. Nxf7+ Ke7 35. Ne5 Kf6 36. Kf2 Ra8 37. Ke3 Rd8 38. Bc4 Nd7 39. Nf3 e5 40. Ng5 exf4+ 41. Kxf4 Nc5 42. Nh7+ Kg7 43. Ng5 Rd4+ 44. Ke5 Rxc4 45. Kd6 Ne4+ 46. Nxe4 Rxe4 47. Kc7 b5 48. Kxc6 Rb4 0-1

[Event "December 5 Late 2023"]
[Site "https://www.chess.com"]
[Date "2023.12.05"]
[Round "3"]
[White "Kanakaris, Georgios"]
[Black "Tabuenca Mendataurigoitia, Daniel"]
[Result "1-0"]
[Board "75"]
[TimeControl "180+1"]
[WhiteFideId "4209460"]
[BlackFideId "24563617"]
[WhiteElo "2679"]
[BlackElo "2484"]
[WhiteTeam "GRE"]
[BlackTeam "ESP"]
[WhiteClock "0:00:32"]
[BlackClock "0:00:46"]

1. e4 Nc6 2. Nc3 e5 3. Bc4 Nf6 4. d3 d6 5. Nf3 h6 6. O-O Na5 7. Bb3 c6 8. d4 Qc7 9. h3 Be7 10. Be3 O-O 11. Qe2 Nxb3 12. axb3 b6 13. Rfd1 Re8 14. dxe5 dxe5 15. Ne1 Be6 16. Nd3 Red8 17. Ra6 Bc8 18. Bxb6 axb6 19. Rxa8 Bb7 20. Rxd8+ Qxd8 21. Nxe5 Qc7 22. Ng4 Nd7 23. Qd2 Nc5 24. b4 Bg5 25. f4 Bxf4 26. Qd8+ 1-0

[Event "December 5 Late 2023"]
[Site "https://www.chess.com"]
[Date "2023.12.05"]
[Round "3"]
[White "Kokoszczynski, Jan"]
[Black "Keleberda, Tymur"]
[Result "0-1"]
[Board "76"]
[TimeControl "180+1"]
[WhiteFideId "1174460"]
[BlackFideId "14174294"]
[WhiteElo "2674"]
[BlackElo "2481"]
[WhiteTeam "POL"]
[BlackTeam "CAN"]
[WhiteClock "0:00:00"]
[BlackClock "0:00:05"]

1. e4 c5 2. Nf3 d6 3. d4 cxd4 4. Qxd4 a6 5. c4 Nc6 6. Qe3 g6 7. h3 Bg7 8. Be2 Nf6 9. O-O O-O 10. Rd1 Nd7 11. Nc3 Nde5 12. c5 Nxf3+ 13. Bxf3 Ne5 14. Be2 Be6 15. cxd6 exd6 16. b3 Qa5 17. Bb2 Rfd8 18. Rd2 Qc5 19. Qxc5 dxc5 20. Rad1 Rxd2 21. Rxd2 Nc6 22. Na4 Bd4 23. Bxd4 cxd4 24. f4 Rd8 25. Kf2 Kf8 26. g4 f5 27. Nc5 Bc8 28. e5 Ke7 29. Bf3 Nb4 30. Nxb7 Bxb7 31. Bxb7 fxg4 32. hxg4 Ke6 33. a3 Rb8 34. Be4 Nd5 35. b4 Nxf4 36. Rxd4 Kxe5 37. Rc4 a5 38. bxa5 Rb2+ 39. Ke1 Re2+ 40. Kf1 Rxe4 41. Rc7 Ra4 42. Rxh7 Rxa5 43. Re7+ Kd4 0-1

[Event "December 5 Late 2023"]
[Site "https://www.chess.com"]
[Date "2023.12.05"]
[Round "3"]
[White "Amburgy, Ryan"]
[Black "Coca, Cristi-Iulian"]
[Result "1-0"]
[Board "77"]
[TimeControl "180+1"]
[WhiteFideId "30924820"]
[BlackFideId "1237004"]
[WhiteElo "2669"]
[BlackElo "2476"]
[WhiteTeam "USA"]
[BlackTeam "ROU"]
[WhiteClock "0:01:22"]
[BlackClock "0:00:41"]

1. d4 Nf6 2. c4 g6 3. Nc3 Bg7 4. e4 d6 5. Nf3 O-O 6. Be2 Nbd7 7. O-O e5 8. Be3 Qe7 9. Qc2 c6 10. Rad1 Kh8 11. h3 Ng8 12. Bg5 f6 13. Bh4 Qe8 14. Rfe1 g5 15. Bg3 Qg6 16. dxe5 fxe5 17. Qd2 g4 18. Nh4 Qf7 19. Bxg4 Nb6 20. b3 Bxg4 21. hxg4 Nh6 22. f3 Rad8 23. c5 Nc8 24. cxd6 Rxd6 25. Qg5 Rxd1 26. Rxd1 Qe8 27. Qd2 Nf7 28. Qd7 Qxd7 29. Rxd7 Ncd6 30. Nf5 Bf6 31. Nxd6 1-0

[Event "December 5 Late 2023"]
[Site "https://www.chess.com"]
[Date "2023.12.05"]
[Round "3"]
[White "Ladan, Nicholas"]
[Black "Zavgorodniy, Sergiy"]
[Result "0-1"]
[Board "78"]
[TimeControl "180+1"]
[WhiteFideId "30918855"]
[BlackFideId "14110148"]
[WhiteElo "2476"]
[BlackElo "2650"]
[WhiteTeam "USA"]
[BlackTeam "UKR"]
[WhiteClock "0:00:03"]
[BlackClock "0:00:55"]

1. d4 d5 2. Nf3 Nf6 3. g3 e6 4. Bg2 Be7 5. O-O O-O 6. c4 c6 7. Qc2 Nbd7 8. Nbd2 b6 9. e4 dxe4 10. Nxe4 Nxe4 11. Qxe4 Bb7 12. Rd1 Nf6 13. Qe2 Qc8 14. Bf4 Re8 15. Ne5 c5 16. dxc5 Bxg2 17. Kxg2 Qxc5 18. b3 Rad8 19. Qf3 Rc8 20. h4 b5 21. Rac1 bxc4 22. Rxc4 Qb6 23. Nc6 Bf8 24. Bd6 Nd5 25. Bxf8 Kxf8 26. Ne5 Qb7 27. Rb4 Qe7 28. Ra4 Rc7 29. Re1 Kg8 30. h5 h6 31. Ra5 Rec8 32. Ng4 Qb4 33. Ra4 Qxe1 34. Nxh6+ gxh6 35. Rg4+ Kf8 36. Qd3 Rc1 37. Qh7 Qh1# 0-1

[Event "December 5 Late 2023"]
[Site "https://www.chess.com"]
[Date "2023.12.05"]
[Round "3"]
[White "Mizzi, Jack"]
[Black "Sturt, Raven"]
[Result "0-1"]
[Board "79"]
[TimeControl "180+1"]
[WhiteFideId "5602521"]
[BlackFideId "2007304"]
[WhiteElo "2468"]
[BlackElo "2646"]
[WhiteTeam "MLT"]
[BlackTeam "USA"]
[WhiteClock "0:00:01"]
[BlackClock "0:01:01"]

1. d4 f5 2. g3 Nf6 3. Bg2 g6 4. Nh3 Bg7 5. O-O O-O 6. c4 e6 7. Nc3 d6 8. b4 h6 9. Nf4 Qe8 10. e4 g5 11. Nd3 Nc6 12. exf5 Nxd4 13. fxe6 Bxe6 14. Bxb7 Rb8 15. Bg2 Bxc4 16. Re1 Qg6 17. Ne4 Nd5 18. Bb2 Bxd3 19. Qxd3 Nxb4 20. Qd1 Ndc2 21. Bxg7 Kxg7 22. Rc1 Nxe1 23. Rxc7+ Kg8 24. Qxe1 Rfc8 25. Rxa7 Nd3 26. Qe3 Rc1+ 27. Bf1 Rxf1+ 28. Kxf1 Rb1+ 29. Kg2 Ne1+ 30. Kg1 Nc2+ 31. Kg2 Nxe3+ 32. fxe3 Qxe4+ 0-1

[Event "December 5 Late 2023"]
[Site "https://www.chess.com"]
[Date "2023.12.05"]
[Round "3"]
[White "Cieslak, Patryk"]
[Black "Sroczynski, Maciej"]
[Result "1-0"]
[Board "80"]
[TimeControl "180+1"]
[WhiteFideId "21078882"]
[BlackFideId "1121472"]
[WhiteElo "2642"]
[BlackElo "2468"]
[WhiteTeam "POL"]
[BlackTeam "POL"]
[WhiteClock "0:00:26"]
[BlackClock "0:00:01"]

1. Nf3 d5 2. e3 c6 3. c4 Nf6 4. Nc3 Bg4 5. Qb3 b6 6. cxd5 Nxd5 7. Nxd5 cxd5 8. Ne5 Be6 9. Bb5+ Nd7 10. Bxd7+ Bxd7 11. Qxd5 e6 12. Qxd7+ Qxd7 13. Nxd7 Kxd7 14. d4 Rc8 15. Kd1 Bd6 16. Bd2 Rc4 17. Rc1 Rhc8 18. Rxc4 Rxc4 19. Bc3 b5 20. Bd2 f5 21. a3 g5 22. h3 h5 23. Re1 Be7 24. Re2 g4 25. hxg4 hxg4 26. Be1 Rc8 27. f3 gxf3 28. gxf3 Rh8 29. Rg2 Rh1 30. Ke2 Bf6 31. Bc3 Kd6 32. e4 fxe4 33. fxe4 Kd7 34. Rg6 Bh8 35. Rg5 a6 36. Kd3 Rh3+ 37. Kc2 a5 38. Rxb5 a4 39. Ra5 Rh2+ 40. Kd3 Rh3+ 41. Kc4 Bf6 42. Rxa4 Bg5 43. Ra7+ Kc6 44. Ra6+ Kd7 45. a4 Bc1 46. Rb6 Rh2 47. a5 Rh8 48. a6 Rc8+ 49. Kb5 Bf4 50. Rb7+ Kd8 51. Ba5+ Ke8 52. b4 Bd6 53. Bb6 e5 54. dxe5 Bxe5 55. Bc5 Bc7 56. e5 Kd7 57. Bb6 1-0

[Event "December 5 Late 2023"]
[Site "https://www.chess.com"]
[Date "2023.12.05"]
[Round "3"]
[White "Shton, Roman"]
[Black "Krishnan, Varun"]
[Result "0-1"]
[Board "81"]
[TimeControl "180+1"]
[WhiteFideId "14137461"]
[BlackFideId "5054508"]
[WhiteElo "2462"]
[BlackElo "2640"]
[WhiteTeam "UKR"]
[BlackTeam "USA"]
[WhiteClock "0:00:04"]
[BlackClock "0:00:22"]

1. d4 Nf6 2. Nf3 e6 3. g3 d5 4. Bg2 Be7 5. c4 O-O 6. Nc3 c6 7. O-O b6 8. b3 Bb7 9. Qc2 Nbd7 10. e4 dxe4 11. Nxe4 Nxe4 12. Qxe4 Nf6 13. Qe2 c5 14. Rd1 Qc8 15. d5 Rd8 16. dxe6 Rxd1+ 17. Qxd1 Qxe6 18. Bb2 Ne4 19. Qe2 Bf6 20. Rd1 h6 21. Bxf6 Qxf6 22. Rd7 Bc6 23. Rd3 Re8 24. Qc2 Nd6 25. h4 Be4 26. Qd2 Bxd3 27. Qxd3 Ne4 28. Nh2 Qxf2+ 29. Kh1 Nxg3+ 30. Qxg3 Qxg3 31. Nf1 0-1

[Event "December 5 Late 2023"]
[Site "https://www.chess.com"]
[Date "2023.12.05"]
[Round "3"]
[White "Agibileg, Uurtsaikh"]
[Black "DCacheiro"]
[Result "1-0"]
[Board "82"]
[TimeControl "180+1"]
[WhiteFideId "4901606"]
[WhiteElo "2638"]
[BlackElo "2460"]
[WhiteTeam "MGL"]
[WhiteClock "0:00:16"]
[BlackClock "0:00:04"]

1. d4 Nf6 2. c4 g6 3. Nc3 Bg7 4. e4 d6 5. Be2 O-O 6. Nf3 Nbd7 7. O-O e5 8. Be3 Qe7 9. d5 c5 10. Ne1 Kh8 11. Nd3 Ng8 12. a3 f5 13. f3 Bh6 14. Bf2 Ndf6 15. b4 b6 16. Rb1 Bd7 17. bxc5 bxc5 18. Rb7 Rfb8 19. Qb3 Rxb7 20. Qxb7 Rf8 21. Qxa7 fxe4 22. Nxe4 Nxe4 23. fxe4 Nf6 24. Nxc5 dxc5 25. Bxc5 Qd8 26. Bxf8 Bxf8 27. Kh1 Nxe4 28. Qe3 Bf5 29. Bd3 Bc5 30. Qe1 Nf2+ 31. Rxf2 Bxf2 32. Qxe5+ Kg8 33. Bxf5 gxf5 34. Qxf5 Bc5 35. Qe6+ Kf8 36. g3 Qd6 37. Qxd6+ Bxd6 38. a4 Bb4 39. Kg2 Ke7 40. Kf3 Kd6 41. Ke4 Kc5 42. Ke5 Ba5 43. d6 Kxc4 44. d7 Kb4 45. Ke6 Kxa4 46. Ke7 Kb5 47. d8=Q Bxd8+ 48. Kxd8 Kc6 49. Ke7 Kd5 50. Kf6 Ke4 51. Kg7 h5 52. Kg6 h4 53. gxh4 1-0

[Event "December 5 Late 2023"]
[Site "https://www.chess.com"]
[Date "2023.12.05"]
[Round "3"]
[White "Rios Escobar, Adan"]
[Black "Ehlvest, Jaan"]
[Result "0-1"]
[Board "83"]
[TimeControl "180+1"]
[WhiteFideId "3403645"]
[BlackFideId "4500016"]
[WhiteElo "2455"]
[BlackElo "2637"]
[WhiteTeam "CHI"]
[BlackTeam "USA"]
[WhiteClock "0:00:01"]
[BlackClock "0:01:07"]

1. Nf3 g6 2. c4 Bg7 3. d4 d6 4. Nc3 c5 5. d5 Bxc3+ 6. bxc3 e5 7. h4 h6 8. h5 g5 9. e4 Nf6 10. Nd2 g4 11. Bd3 Nbd7 12. Nf1 Nb6 13. a4 Bd7 14. a5 Nc8 15. Ng3 Ne7 16. Be3 Neg8 17. O-O Qe7 18. Qd2 Kd8 19. Rfb1 Kc7 20. Rb2 Rb8 21. Rab1 Bc8 22. Qd1 Ne8 23. Bc2 f5 24. exf5 Ngf6 25. Ba4 Ng7 26. Bc2 Ngxh5 27. Nxh5 Nxh5 28. Ba4 Bxf5 29. Bxc5 Bxb1 30. Bxd6+ Qxd6 31. c5 Qxc5 32. d6+ Qxd6 33. Rd2 Qxd2 34. Qxd2 Rbd8 35. Qb2 Bd3 36. Qb4 Nf4 37. Qe7+ Kb8 38. Qxe5+ Ka8 39. Qxf4 h5 40. Qe3 h4 41. a6 Bxa6 42. c4 Bxc4 43. Bc2 h3 44. gxh3 gxh3 45. Be4 Bd5 46. Kh2 Rhe8 47. f3 Bxe4 48. fxe4 Rd7 49. Kxh3 Rde7 50. Qc5 a6 51. e5 Rxe5 52. Qd6 R5e6 53. Qd7 R6e7 54. Qd5 Rg7 55. Qh5 Reg8 56. Qh6 Rg1 57. Kh2 R8g2+ 58. Kh3 Rh1+ 59. Kxg2 Rxh6 0-1

[Event "December 5 Late 2023"]
[Site "https://www.chess.com"]
[Date "2023.12.05"]
[Round "3"]
[White "Djabri, Massinas"]
[Black "Rojas Alarcon, Julian Antonio"]
[Result "1-0"]
[Board "84"]
[TimeControl "180+1"]
[WhiteFideId "7905726"]
[BlackFideId "5107407"]
[WhiteElo "2453"]
[BlackElo "2633"]
[WhiteTeam "ALG"]
[BlackTeam "MEX"]
[WhiteClock "0:00:46"]
[BlackClock "0:01:09"]

1. d4 Nf6 2. c4 g6 3. Nc3 d5 4. Bg5 Ne4 5. Bh4 Bg7 6. cxd5 Nxc3 7. bxc3 Qxd5 8. Nf3 c5 9. e3 cxd4 10. cxd4 Nc6 11. Be2 Qa5+ 12. Qd2 Bf5 13. O-O Qxd2 14. Nxd2 O-O 15. Rac1 Rfd8 16. Nb3 e5 17. Bxd8 Rxd8 18. dxe5 Nxe5 19. Rfd1 Rb8 20. Rc7 Nc6 21. Nc5 Na5 22. e4 Be5 23. Nd7 Bxd7 24. Rcxd7 Rc8 25. Rd8+ Rxd8 26. Rxd8+ Kg7 27. Rd5 Bc7 28. Bd1 Kf6 29. Rd7 Bb6 30. Bb3 Ke5 31. Rxf7 Kxe4 32. Rxh7 Nc6 33. Rxb7 Nd4 34. Rg7 Kf5 35. h3 Ne2+ 36. Kf1 Nf4 37. Rf7+ Ke5 38. h4 Nd3 39. Bc2 Nb4 40. Bb1 Ke6 41. Rg7 Nd5 42. Rxg6+ Kf7 43. Rc6 Kg7 44. h5 Ne7 45. h6+ Kf7 46. h7 Bd4 47. Rc7 Ke6 48. Rxa7 1-0

[Event "December 5 Late 2023"]
[Site "https://www.chess.com"]
[Date "2023.12.05"]
[Round "3"]
[White "Kraiouchkine, Nikita"]
[Black "Seemann, Jakub"]
[Result "1-0"]
[Board "85"]
[TimeControl "180+1"]
[WhiteFideId "2607140"]
[BlackFideId "21874697"]
[WhiteElo "2451"]
[BlackElo "2628"]
[WhiteTeam "CAN"]
[BlackTeam "POL"]
[WhiteClock "0:00:10"]
[BlackClock "0:00:04"]

1. e4 e6 2. d4 d5 3. e5 c5 4. c3 Bd7 5. Nf3 Qb6 6. a3 Bb5 7. b4 cxd4 8. Bxb5+ Qxb5 9. Nxd4 Qd7 10. O-O Nc6 11. f4 Nge7 12. Be3 a6 13. Nd2 Nxd4 14. Bxd4 Nf5 15. Nb3 Be7 16. Qd3 O-O 17. g4 Nxd4 18. Nxd4 f6 19. Rae1 fxe5 20. Rxe5 Bf6 21. Re3 Rae8 22. Rfe1 Bh4 23. Rf1 e5 24. Nf5 e4 25. Qd2 Bd8 26. Rg3 Bb6+ 27. Kg2 Rxf5 28. gxf5 Qxf5 29. Rg5 Qf6 30. Qxd5+ Kh8 31. Qd7 Rb8 32. Rg3 e3 33. Qg4 Rd8 34. Kh1 h6 35. f5 Rd2 36. Qf3 Qxc3 37. f6 Qxf6 38. Qxf6 gxf6 39. Rxf6 Kh7 40. Rxb6 Rd1+ 41. Rg1 e2 42. Re6 Rd2 43. Re1 Ra2 44. Re3 Rxa3 45. Rxa3 1-0

[Event "December 5 Late 2023"]
[Site "https://www.chess.com"]
[Date "2023.12.05"]
[Round "3"]
[White "Miranda, Rafael"]
[Black "Rama, Tejas"]
[Result "0-1"]
[Board "86"]
[TimeControl "180+1"]
[WhiteFideId "130990"]
[BlackFideId "30907381"]
[WhiteElo "2627"]
[BlackElo "2448"]
[WhiteTeam "ARG"]
[BlackTeam "USA"]
[WhiteClock "0:01:10"]
[BlackClock "0:00:45"]

1. Nf3 d5 2. g3 Nf6 3. Bg2 c5 4. O-O h6 5. c4 d4 6. d3 Nc6 7. e3 e5 8. exd4 exd4 9. Re1+ Be7 10. Ne5 Nxe5 11. Rxe5 O-O 12. Nd2 Bd6 13. Re1 Qc7 14. Ne4 Nxe4 15. Bxe4 Bd7 16. Qf3 Rae8 17. Bd2 Kh8 18. Bxh6 f5 19. Qh5 fxe4 20. Qg6 Be5 21. Rxe4 Bf5 22. Bxg7+ Qxg7 23. Qh5+ Qh7 0-1

[Event "December 5 Late 2023"]
[Site "https://www.chess.com"]
[Date "2023.12.05"]
[Round "3"]
[White "Koksal, Ege"]
[Black "Filipovic, Slobodan J"]
[Result "1-0"]
[Board "87"]
[TimeControl "180+1"]
[WhiteFideId "6317626"]
[BlackFideId "939633"]
[WhiteElo "2623"]
[BlackElo "2447"]
[WhiteTeam "TUR"]
[BlackTeam "SRB"]
[WhiteClock "0:00:20"]
[BlackClock "0:01:00"]

1. c4 c5 2. Nc3 Nc6 3. g3 g6 4. Bg2 Bg7 5. e3 d6 6. Nge2 Bf5 7. O-O Qd7 8. d4 cxd4 9. exd4 Bh3 10. Be3 h5 11. Bxh3 Qxh3 12. Nf4 Qd7 13. h4 Nf6 14. d5 Ne5 15. b3 O-O 16. Bd4 Nfg4 17. Kg2 Rac8 18. Rc1 a6 19. a4 Qf5 20. Qc2 Qd7 21. Rfe1 Rfe8 22. Qe2 Qf5 23. Rcd1 Bh6 24. Bxe5 Nxe5 25. Nd3 Bg7 26. Nxe5 Bxe5 27. Ne4 Qd7 28. Rc1 Bg7 29. Ng5 Bf6 30. Nf3 Rb8 31. Rc2 Rec8 32. Rec1 Kg7 33. Qe4 Rc7 34. Qd3 Rbc8 35. Nd2 b5 36. cxb5 axb5 37. Rxc7 Rxc7 38. Rxc7 Qxc7 39. axb5 Qb6 40. Ne4 Bd4 41. Qc4 f5 42. Ng5 Bxf2 43. Ne6+ Kf6 44. Qc3+ Kf7 45. Qg7+ Ke8 46. Qg8+ Kd7 47. Qxg6 Bg1 48. Qxf5 Ke8 49. Qf8+ Kd7 50. Qd8+ Qxd8 51. Nxd8 Kxd8 52. Kxg1 Kc7 53. g4 Kb6 54. gxh5 Kc7 55. h6 Kd8 56. h7 Ke8 57. h8=Q+ Kf7 58. Qh5+ Kf6 59. Qg5+ Kf7 60. Qf5+ Ke8 61. h5 e6 62. Qh7 exd5 63. Qc7 d4 64. b6 d3 65. b7 d2 66. b8=Q# 1-0

[Event "December 5 Late 2023"]
[Site "https://www.chess.com"]
[Date "2023.12.05"]
[Round "3"]
[White "Topalov, Aleksandar"]
[Black "Lymar, Vladislav"]
[Result "1-0"]
[Board "88"]
[TimeControl "180+1"]
[WhiteFideId "925659"]
[BlackFideId "14162180"]
[WhiteElo "2442"]
[BlackElo "2618"]
[WhiteTeam "SRB"]
[BlackTeam "UKR"]
[WhiteClock "0:01:17"]
[BlackClock "0:00:00"]

1. b3 e5 2. Bb2 Nc6 3. e3 d5 4. Bb5 Ne7 5. d4 exd4 6. Qxd4 a6 7. Bxc6+ Nxc6 8. Qd2 Bb4 9. Nc3 O-O 10. O-O-O Be6 11. a3 Bxc3 12. Qxc3 Qg5 13. Nf3 Qh6 14. g4 f6 15. Rhg1 Qg6 16. h3 Qe4 17. Nd4 Nxd4 18. Rxd4 Qe5 19. f4 Qd6 20. g5 c5 21. gxf6 cxd4 22. Rxg7+ Kh8 23. Qd3 Bg8 24. Bxd4 Rf7 25. Qf5 Raf8 26. Qg5 Qe6 27. h4 Qe4 28. h5 Qh1+ 29. Kb2 1-0

[Event "December 5 Late 2023"]
[Site "https://www.chess.com"]
[Date "2023.12.05"]
[Round "3"]
[White "Nilsson, Joakim"]
[Black "Tanriverdi, Enes"]
[Result "0-1"]
[Board "89"]
[TimeControl "180+1"]
[WhiteFideId "1723383"]
[BlackFideId "34543279"]
[WhiteElo "2432"]
[BlackElo "2617"]
[WhiteTeam "SWE"]
[BlackTeam "TUR"]
[WhiteClock "0:01:48"]
[BlackClock "0:01:31"]

1. d4 Nf6 2. Nf3 g6 3. Bg5 Bg7 4. c3 O-O 5. Nbd2 d6 6. e4 Nbd7 7. Bc4 e5 8. dxe5 dxe5 9. Qe2 h6 10. Bh4 Qe8 11. O-O Nh5 12. Bg3 Nxg3 13. hxg3 Qe7 14. Rfd1 Nf6 15. Bb3 Ng4 16. Nc4 h5 17. Ne3 c6 18. Nxg4 Bxg4 19. Qe3 Rfd8 20. Rxd8+ Rxd8 21. Qxa7 Bxf3 22. gxf3 h4 23. Qe3 hxg3 24. fxg3 Bf8 25. Rd1 Rxd1+ 26. Bxd1 Qd7 27. Bb3 Qh3 28. Qf2 b6 29. Qg2 Bc5+ 30. Kf1 Qh6 31. Qe2 Qh1# 0-1